 Dungeon Crawl Stone Soup version 0.21.1-1-g345015f (webtiles) character file.

65 Figureslego113 the Cutter (level 4, -2/28 HPs)
             Began as a Tengu Monk on July 29, 2018.
             Killed from afar by an orc wizard (8 damage)
             ... with a puff of flame
             ... on level 3 of the Dungeon.
             The game lasted 00:06:08 (1471 turns).

Figureslego113 the Cutter (Tengu Monk)              Turns: 1471, Time: 00:06:08

Health: -2/28      AC:  2    Str: 11    XL:     4   Next: 14%
Magic:  5/5        EV: 14    Int: 10    God:
Gold:   136        SH:  0    Dex: 18    Spells: 3/3 levels left

rFire    . . .     SeeInvis .   a - +0 short sword
rCold    . . .     Gourm    .   (no shield)
rNeg     . . .     Faith    .   b - +0 robe
rPois    .         Spirit   .   (helmet restricted)
rElec    .         Reflect  .   (no cloak)
rCorr    .         Harm     .   (no gloves)
MR       .....                  (boots unavailable)
Stlth    ++........             (no amulet)
HPRegen  0.09/turn              (no ring)
MPRegen  0.09/turn              (no ring)

@: no status effects
A: beak, talons 3
a: no special abilities


You were on level 3 of the Dungeon.
You were hungry.

You visited 1 branch of the dungeon, and saw 3 of its levels.

You collected 136 gold pieces.

Inventory:

Hand Weapons
 a - a +0 short sword (weapon)
Armour
 b - a +0 robe (worn)
Jewellery
 e - an uncursed ring of positive energy {unknown}
Scrolls
 d - 2 scrolls of enchant armour {unknown}
 g - a scroll of noise {unknown}
 h - a scroll of amnesia {unknown}
 k - 2 scrolls of teleportation {unknown}
 l - 2 scrolls of enchant weapon {unknown}
 m - a scroll of fear {unknown}
 p - a scroll of identify {unknown}
Potions
 i - a potion of ambrosia {unknown}
 j - a potion of haste {unknown}
 n - a potion of might {unknown}
 o - a potion of heal wounds {unknown}
 q - a potion of brilliance {unknown}
 r - a potion of degeneration {unknown}
Comestibles
 c - 3 rations


   Skills:
 + Level 3.1 Fighting
 + Level 4.5 Short Blades
 - Level 4.0 Dodging
 + Level 2.2 Stealth


You had 3 spell levels left.
You didn't know any spells.

Dungeon Overview and Level Annotations

Branches:
Dungeon (3/15)

Altars:


Innate Abilities, Weirdness & Mutations

You have a beak for a mouth.
You have claws for feet.


Message History

The orc is heavily wounded.
You barely miss something. You claw something. You peck something.
You hit something. Your peck misses something.
Something hits you but does no damage.
You closely miss something. Something hits you.
You miss something. Something hits you but does no damage.
You closely miss something. You claw something.
You hit something but do no damage.
You hear some strange, mumbled words.
A puff of flame appears from out of thin air!
The puff of flame hits you!
* * * LOW HITPOINT WARNING * * *
You barely miss something. Your kick misses something. Something hits you.
* * * LOW HITPOINT WARNING * * *
Okay, then.
You barely miss something. Your peck misses something.
You hear some strange, mumbled words.
A puff of flame appears from out of thin air!
The puff of flame hits you!
You die...

..# #.#
##############.##
................##
######.####.....#####
#.....# ##.........
#.###.###.#
##.#######
#.........# #.#
####.#@### #.#
####{#### ##'##
#...o...# ##...##
#.##)##.###.....## #
#.....##.......##
.......#......<..#
#.......+.........+
#.......#.........#
#.#!....##.......##


You could see an orc.

Vanquished Creatures
  An adder (D:2)
  A worm (D:2)
  4 leopard geckos
  An orc (D:3)
  8 giant cockroaches
  5 goblins (D:2)
  6 hobgoblins
  3 jackals (D:2)
  A kobold (D:1)
  A ball python (D:2)
  6 bats
  A frilled lizard (D:2)
  5 rats
43 creatures vanquished.

Notes
Turn   | Place    | Note
-------+----------+-------------------------------------------
     0 | D:1      | Figureslego113 the Tengu Monk began the quest for the Orb.
     0 | D:1      | Reached XP level 1. HP: 14/14 MP: 2/2
   242 | D:1      | Reached XP level 2. HP: 19/19 MP: 3/3
   585 | D:2      | Reached XP level 3. HP: 22/23 MP: 4/4
   948 | D:2      | Reached XP level 4. HP: 28/28 MP: 5/5
  1471 | D:3      | Killed from afar by an orc wizard

Skill      XL: |  1  2  3 |
---------------+----------+-----
Short Blades   | 4 |  4.5
Dodging        | 4 |  4.0
Fighting       | |  3.1
Stealth        | |  2.2

Action                   |  1- 3 |  4- 6 || total
-------------------------+-------+-------++-------
Melee: Short sword       |    76 |    23 ||    99
       Kick              |    16 |     7 ||    23
       Peck              |     8 |     5 ||    13
 Stab: Sleeping          |     8 |       ||     8
  Eat: Chunk             |       |     1 ||     1
Armor: Robe              |     7 |     3 ||    10
Dodge: Dodged            |    41 |     6 ||    47
